 Dungeon Crawl Stone Soup version 0.19.0-16-g73b5abf (webtiles) character file.

3684 HungrySpirit the Cleaver (level 9, 0/66 HPs)
             Began as a Mummy Artificer on Nov 10, 2016.
             Was an Initiate of Gozag.
             Slain by a slave (4 damage)
             ... led by Pikel
             ... on level 8 of the Dungeon.
             The game lasted 00:17:02 (7891 turns).

HungrySpirit the Cleaver (Mummy Artificer)          Turns: 7891, Time: 00:17:02

Health: 0/66       AC:  8    Str: 18    XL:     9   Next: 90%
Magic:  11/11      EV: 15    Int: 10    God:    Gozag
Gold:   371        SH:  0    Dex: 13    Spells: 0 memorised, 8 levels left

rFire  . . .     SeeInvis .     o - +2 war axe (flame)
rCold  . . .     Gourm    .     m - +0 ring mail
rNeg   + + +     Faith    .     (no shield)
rPois  ∞         Spirit   .     a - +1 helmet
rElec  .         Reflect  .     n - +0 cloak
rCorr  .         Harm     .     (no gloves)
MR     +....                    (no boots)
Stlth  +.........               k - amulet of regeneration
                                t - ring of fire
                                A - +4 ring of evasion

@: no status effects
A: no food or potions, fire vulnerability, cold resistance 1, negative energy
resistance 3, torment resistance, unbreathing
a: Potion Petition, Call Merchant, Bribe Branch, Renounce Religion


You were on level 8 of the Dungeon.
You worshipped Gozag.
Gozag was aware of your devotion.
You were not hungry.

You visited 1 branch of the dungeon, and saw 8 of its levels.
You also visited: Sewer.

You collected 1089 gold pieces.
You spent 643 gold pieces at shops.
You paid 75 gold pieces to Gozag.

Inventory:

Hand Weapons
 g - a +1 hand axe
 o - a +2 war axe of flaming (weapon)
Armour
 a - a +1 helmet (worn)
 f - a +0 buckler
 m - a +0 ring mail (worn)
 n - a +0 cloak (worn)
Jewellery
 k - an amulet of regeneration (around neck)
 t - a ring of fire (right hand)
 A - a +4 ring of evasion (left hand)
Wands
 c - a wand of flame (3/48)
 d - a wand of enslavement (15/24)
 e - a wand of random effects (15/48)
 q - a wand of lightning (0/15)
Scrolls
 b - 7 scrolls of remove curse
 i - 2 scrolls of enchant armour
 j - 6 scrolls of identify {unknown}
 l - 5 scrolls of teleportation {unknown}
 p - 4 scrolls of amnesia
 r - a scroll of immolation {unknown}
 s - 2 scrolls of fear {unknown}
 u - 3 scrolls of blinking {unknown}
 v - a scroll of brand weapon {unknown}
 y - a scroll of enchant weapon
 z - a scroll of magic mapping


   Skills:
 + Level 4.4 Fighting
   Level 0.7 Short Blades
 * Level 10.9 Axes
 - Level 1.5 Dodging
 - Level 0.7 Stealth
 - Level 3.4 Evocations


You had 8 spell levels left.
You didn't know any spells.

Dungeon Overview and Level Annotations

Branches:
Dungeon (8/15)             Temple (0/1) D:6
   Lair: D:8-11

Altars:
Elyvilon
Gozag
Okawaru
Qazlal
Ru
Vehumet

Shops:
D:5 *(=   D:6 =

Annotations:
D:8 Pikel


Innate Abilities, Weirdness & Mutations

You do not eat or drink.
Your flesh is vulnerable to fire.
You are immune to poison.
Your flesh is cold resistant. (rC+)
You are immune to negative energy. (rN+++)
You are immune to unholy pain and torment.
You can survive without breathing.


Message History

You slash Pikel! You burn Pikel.
Pikel is severely wounded.
You barely miss the slave. The slave barely misses you.
Pikel hits you with a whip of electrocution.
You are electrocuted!
You barely miss Pikel.
Pikel is severely wounded.
You closely miss the slave. The slave hits you.
* * * LOW HITPOINT WARNING * * *
Pikel hits you but does no damage.
You are electrocuted!
* * * LOW HITPOINT WARNING * * *
Evoke which item? (* to show all) (? for menu, Esc to quit)
Zapping:
c - a wand of flame (4/48)
Press: ? - help, Shift-Dir - straight line, f/p - Pikel
Aim: Pikel, wielding a whip of electrocution, wearing an embroidered robe and carrying a wand of disintegration {zapped: 10} (severely wounded)
The puff of flame hits Pikel.
Pikel is almost dead.
This wand has 3 charges left.
The slave hits you.
You die...
Your body crumbles into a pile of gold.

#.# #.## #.
#.# #.# #.#
#.# ###.#
##.#.#
##....#
#.@...#
##Kp.##
##.## #.# #
#.# #. #.#
#####.#####
#.#
#.......?.#
#.#
#.........#
#.#


You could see Pikel and a slave.

Vanquished Creatures
  The ghost of Zorot the Covert, a novice SpEn (D:6)
  Prince Ribbit (D:8)
  A spriggan (D:7)
  Eustachio (D:4)
  Menkaure (D:6)
  A sky beast (D:8)
  An orc warrior (D:6)
  3 slaves (D:8)
  4 ogres
  A phantom (D:4)
  2 centaurs
  2 big kobolds (Sewer)
  Blork the orc (D:6)
  4 bullfrogs
  2 scorpions (D:5)
  3 howler monkeys (D:8)
  A bullfrog zombie (D:6)
  3 hounds
  2 jellies
  3 orc priests
  Crazy Yiuf (D:3)
  A centaur skeleton (D:4)
  2 gnoll shamans
  2 iguanas
  7 orc wizards
  Ijyb (D:2)
  7 worker ants
  Terence (D:3)
  A hound zombie (D:5)
  A hound skeleton (D:5)
  A worker ant zombie (D:7)
  Robin (D:3)
  13 gnolls
  8 adders
  2 shadow imps
  5 oozes
  An adder zombie (D:7)
  An adder skeleton (D:8)
  2 worms (Sewer)
  2 dart slugs (D:1)
  4 leopard geckos
  23 orcs
  2 ball pythons
  6 giant cockroaches
  10 hobgoblins
  13 jackals
  8 quokkas
  9 bats
  A frilled lizard (D:3)
  10 goblins
  18 kobolds
  A leopard gecko zombie (D:5)
  10 rats
213 creatures vanquished.

Vanquished Creatures (others)
  A quokka (D:4)
1 creature vanquished.

Grand Total: 214 creatures vanquished

Notes
Turn   | Place    | Note
-------+----------+-------------------------------------------
     0 | D:1      | HungrySpirit the Mummy Artificer began the quest for the Orb.
     0 | D:1      | Reached XP level 1. HP: 15/15 MP: 2/2
   237 | D:1      | Reached XP level 2. HP: 7/22 MP: 3/3
  1125 | D:1      | Reached skill level 1 in Axes
  1164 | D:1      | Reached XP level 3. HP: 25/27 MP: 5/5
  1345 | D:2      | Found a sacrificial altar of Ru.
  1714 | D:2      | Found an opulent altar of Gozag.
  1973 | D:2      | Noticed Ijyb
  1997 | D:2      | Killed Ijyb
  2271 | D:2      | Reached skill level 2 in Axes
  2271 | D:2      | Reached XP level 4. HP: 29/33 MP: 6/6
  2664 | D:3      | Noticed Robin
  2848 | D:3      | Killed Robin
  2989 | D:3      | Found a radiant altar of Vehumet.
  3294 | D:3      | Noticed Terence
  3308 | D:3      | Killed Terence
  3308 | D:3      | Reached XP level 5. HP: 33/38 MP: 7/7
  3711 | D:3      | Reached skill level 3 in Axes
  3828 | D:3      | Found a runed door.
  3950 | D:3      | Noticed Crazy Yiuf
  3953 | D:3      | Killed Crazy Yiuf
  4006 | D:4      | Found a stormy altar of Qazlal.
  4032 | D:4      | Noticed a phantom
  4054 | D:4      | Killed a phantom
  4054 | D:4      | Reached skill level 4 in Axes
  4054 | D:4      | Reached XP level 6. HP: 44/44 MP: 8/8
  4132 | D:4      | Noticed Eustachio
  4141 | D:4      | Killed Eustachio
  4141 | D:4      | Reached skill level 5 in Axes
  4143 | D:4      | Found a white marble altar of Elyvilon.
  4273 | D:4      | Reached XP level 7. HP: 46/50 MP: 9/9
  4403 | D:4      | Found a glowing drain.
  4462 | Sewer    | Entered a sewer
  4531 | Sewer    | Reached skill level 6 in Axes
  4930 | D:2      | Became a worshipper of Gozag Ym Sagoz the Greedy
  5161 | D:5      | Entered Level 5 of the Dungeon
  5403 | D:5      | Found Uckuufoi's Jewellery Boutique.
  5463 | D:5      | Reached skill level 7 in Axes
  5463 | D:5      | Reached XP level 8. HP: 28/56 MP: 10/10
  5693 | D:5      | Found Fubun's Weapon Shop.
  5779 | D:5      | Found an iron altar of Okawaru.
  5875 | D:5      | Found Akiwywk's Assorted Antiques.
  5878 | D:5      | Bought a scroll labeled IROETAOMEE for 25 gold pieces
  5878 | D:5      | Bought a silver ring for 125 gold pieces
  5878 | D:5      | Bought a scroll labeled UWISSU ZERAOH for 25 gold pieces
  6021 | D:6      | Noticed Menkaure
  6033 | D:6      | Killed Menkaure
  6033 | D:6      | Reached skill level 8 in Axes
  6091 | D:6      | Noticed Zorot's ghost (novice SpEn)
  6132 | D:6      | Killed Zorot's ghost
  6132 | D:6      | Reached skill level 9 in Axes
  6161 | D:6      | Reached XP level 9. HP: 44/61 MP: 11/11
  6392 | D:6      | Noticed Blork the orc
  6399 | D:6      | Killed Blork the orc
  6484 | D:6      | Found a staircase to the Ecumenical Temple.
  6565 | D:6      | Found Afrael's Jewellery Shop.
  6576 | D:6      | Bought a +4 ring of evasion for 468 gold pieces
  6806 | D:7      | Reached skill level 10 in Axes
  7648 | D:8      | Noticed Prince Ribbit
  7671 | D:8      | Killed Prince Ribbit
  7758 | D:8      | Noticed Pikel
  7891 | D:8      | Slain by a slave

Skill      XL: |  1  2  3  4  5  6  7  8  9 |
---------------+----------------------------+-----
Fighting       | 2 4 |  4.4
Axes           | 1 2 4 5 7 9 10 | 10.9
Evocations     | 3 |  3.4
Short Blades   | |  0.7
Dodging        | |  1.5
Stealth        | |  0.7

Action                   |  1- 3 |  4- 6 |  7- 9 || total
-------------------------+-------+-------+-------++-------
Melee: Short sword       |    29 |       |       ||    29
       Hand axe          |   128 |   103 |       ||   231
       War axe           |       |    38 |   444 ||   482
Evoke: Wand              |     3 |    18 |    17 ||    38
  Use: Scroll            |       |     9 |       ||     9
 Stab: Sleeping          |     1 |       |     1 ||     2
       Distracted        |       |       |     1 ||     1
Armor: Leather armour    |    39 |       |       ||    39
       Ring mail         |    26 |    76 |   135 ||   237
Dodge: Dodged            |   115 |    91 |   241 ||   447
